Map: Smallest 12 player map EVER! 32x32 playable space.

Players

Cheater 1 (Insane)

  • Race: Zerg Zerg
  • Spawn Location: 6:00

Cheater 2 (Insane)

  • Race: Protoss Protoss
  • Spawn Location: 3:00

Cheater 3 (Insane)

  • Race: Terran Terran
  • Spawn Location: 0:00

Cheater 4 (Insane)

  • Race: Protoss Protoss
  • Spawn Location: 9:00

Cheater 5 (Insane)

  • Race: Protoss Protoss
  • Spawn Location: 12:00

Cheater 6 (Insane)

  • Race: Terran Terran
  • Spawn Location: 0:00

Cheater 7 (Insane)

  • Race: Protoss Protoss
  • Spawn Location: 12:00

Cheater 8 (Insane)

  • Race: Protoss Protoss
  • Spawn Location: 9:00

Cheater 9 (Insane)

  • Race: Zerg Zerg
  • Spawn Location: 0:00

Cheater 10 (Insane)

  • Race: Zerg Zerg
  • Spawn Location: 6:00

Cheater 11 (Insane)

  • Race: Zerg Zerg
  • Spawn Location: 0:00

Cheater 12 (Insane)

  • Race: Terran Terran
  • Spawn Location: 3:00

VOD

Have the link to the VOD?

Description

Time

  • Played on: Dec. 26, 2022, 4:36 a.m.
  • Length: 11:19
Show
View Real Time Build Order
Export as new Build Order

Cheater 1 (Insane) Zerg 

Build Orders:  

Get SALT Encoding   

  12  0:00  Drone, Overlord  
  12  0:04  Drone  
  12  0:06  Drone  
  13  0:12  Drone  
  15  0:23  Drone  
  16  0:41  Drone  
  16  0:45  Drone  
  16  0:47  Drone  
  17  0:58  Drone  
  17  1:01  Overlord  
  19  1:08  Extractor  
  19  3:14  Lair  
  19  3:58  Drone x2  
  19  3:59  Drone  
  19  4:01  Drone  
  19  4:02  Drone  
  19  4:03  Drone  
  19  4:04  Drone  
  19  4:06  Drone  
  19  4:07  Drone  
  19  4:08  Drone  
  19  4:09  Drone  
  30  4:28  Overseer, Hive  
  30  5:46  Viper  
  33  7:00  Viper  
  36  7:18  Overlord  
Show
View Real Time Build Order
Export as new Build Order

Cheater 2 (Insane) Protoss 

Build Orders:  

Get SALT Encoding   

  12  0:00  Probe  
  12  0:02  Probe  
  14  0:28  Probe  
  14  0:31  Probe  
  5  0:47  Probe  
  6  10:15  Probe x2  
  6  10:16  Probe  
  6  10:17  Probe  
  10  11:04  Probe  
Show
View Real Time Build Order
Export as new Build Order

Cheater 3 (Insane) Terran 

Build Orders:  

Get SALT Encoding   

  12  0:27  Supply Depot  
  6  0:36  SCV  
Show
View Real Time Build Order
Export as new Build Order

Cheater 4 (Insane) Protoss 

Build Orders:  

Get SALT Encoding   

  12  0:00  Probe x2  
  12  0:04  Probe  
  14  0:08  Probe  
  14  0:20  Probe  
  16  0:24  Probe  
  16  0:29  Probe x2  
  16  0:31  Probe  
  16  0:33  Probe  
  16  0:35  Probe  
  17  0:38  Probe  
  17  0:41  Probe  
  16  0:43  Probe  
  16  0:46  Probe  
  16  0:48  Probe  
  13  0:56  Probe  
  16  0:58  Probe  
  18  1:07  Probe  
  20  1:19  Probe  
  20  1:25  Probe  
  21  1:28  Probe  
  21  1:29  Probe  
  21  1:31  Probe  
  21  1:32  Probe  
  22  1:33  Probe  
  22  1:35  Probe  
  22  1:37  Probe  
  23  1:42  Probe  
  24  2:01  Probe  
  24  2:04  Probe  
  26  2:24  Probe  
  26  2:30  Probe  
  27  3:05  Probe  
  28  3:24  Probe  
  28  3:25  Probe x2  
  28  3:26  Probe  
  28  3:27  Probe  
  28  3:28  Probe  
  28  3:29  Probe x2  
  28  3:30  Probe  
  28  3:31  Probe  
  28  3:32  Probe  
  28  3:33  Probe  
  28  3:34  Probe  
  28  3:35  Probe  
  28  3:36  Probe  
  28  3:37  Probe  
  28  3:38  Probe  
  28  3:39  Probe  
  28  3:40  Probe  
  28  3:41  Probe  
  35  3:42  Probe  
  35  3:43  Probe  
  35  3:44  Probe  
  35  3:46  Probe  
  35  3:47  Probe  
  35  3:48  Probe  
  43  3:49  Probe  
Show
View Real Time Build Order
Export as new Build Order

Cheater 5 (Insane) Protoss 

Build Orders:  

Get SALT Encoding   

  12  0:00  Probe  
  13  0:09  Probe  
  2  1:03  Probe  
  3  1:46  Probe  
  4  2:23  Probe  
  5  3:00  Probe  
Show
View Real Time Build Order
Export as new Build Order

Cheater 6 (Insane) Terran 

Build Orders:  

Get SALT Encoding   

  12  0:20  SCV  
Show
View Real Time Build Order
Export as new Build Order

Cheater 7 (Insane) Protoss 

Build Orders:  

Get SALT Encoding   

  12  0:00  Probe x2  
  13  0:11  Probe  
  13  0:14  Probe  
  14  0:21  Probe  
  14  0:24  Probe  
  16  0:35  Probe  
  16  0:40  Probe  
Show
View Real Time Build Order
Export as new Build Order

Cheater 8 (Insane) Protoss 

Build Orders:  

Get SALT Encoding   

  12  0:00  Probe x2  
  12  0:01  Probe  
  12  0:06  Probe  
  15  0:14  Probe  
  15  0:20  Probe  
  16  0:42  Probe  
  14  0:46  Probe  
  13  0:50  Probe  
  13  0:55  Assimilator  
  13  0:56  Probe  
  16  1:04  Probe  
  18  1:22  Probe  
  18  1:28  Probe  
  18  1:38  Probe  
  20  1:48  Probe  
  21  1:54  Probe  
  22  2:02  Probe  
  24  2:16  Probe  
  25  2:30  Probe  
  26  2:45  Probe  
  27  5:33  Probe  
  27  5:34  Probe  
  27  5:35  Probe  
Show
View Real Time Build Order
Export as new Build Order

Cheater 9 (Insane) Zerg 

Build Orders:  

Get SALT Encoding   

  12  0:13  Drone  
  12  0:19  Drone  
  12  0:28  Drone  
  13  0:30  Drone  
  4  0:44  Drone  
  5  1:00  Drone  
  5  1:16  Drone  
  5  1:28  Drone  
  5  1:29  Drone  
  5  1:32  Drone  
  5  1:44  Drone  
  3  1:53  Drone  
  5  2:09  Drone  
  6  2:29  Drone  
  3  2:42  Drone  
  4  2:55  Drone  
  6  3:15  Drone  
  5  3:33  Drone  
  4  3:47  Drone  
  6  4:13  Drone  
  7  4:33  Drone  
  8  4:50  Drone  
  8  4:54  Drone  
  10  5:11  Drone  
  10  5:15  Drone  
Show
View Real Time Build Order
Export as new Build Order

Cheater 10 (Insane) Zerg 

Build Orders:  

Get SALT Encoding   

  12  0:00  Drone  
  13  0:19  Drone  
  13  0:23  Drone  
  10  0:36  Drone  
  10  0:55  Drone  
Show
View Real Time Build Order
Export as new Build Order

Cheater 11 (Insane) Zerg 

Build Orders:  

Get SALT Encoding   

  12  0:22  Drone  
Show
View Real Time Build Order
Export as new Build Order

Cheater 12 (Insane) Terran 

Build Orders:  

Get SALT Encoding   

  12  0:00  SCV  
  12  0:02  SCV  
  14  0:31  SCV  
  14  0:54  SCV  
  15  1:11  SCV  
  16  2:16  SCV  
  17  3:14  SCV  
  17  3:22  SCV  
  16  3:31  SCV  
  14  3:39  SCV  
  13  3:48  SCV x3  
  9  4:08  SCV x2  
  6  4:57  SCV  
  6  4:58  SCV  
  6  5:06  SCV x2  
  6  6:58  SCV  
  6  7:16  SCV x2  
  6  7:26  SCV  
  8  7:32  SCV  
  8  7:40  SCV  
  9  7:46  SCV  
  10  7:53  SCV  
  11  7:59  SCV  
  13  8:07  SCV  
  14  8:13  SCV  
  16  9:11  SCV  
  16  9:17  SCV  
  16  9:23  SCV  
  17  9:29  SCV  
  20  10:23  SCV  
  20  10:28  SCV  
  20  10:29  SCV x2  
  21  10:36  SCV x2  
  26  10:58  SCV  
  26  11:04  SCV  
Tags
 
Add a new tag
Caveats
  • Supply blocks, unpowered buildings, or Contaminate may cause inaccurate times.
  • Supply counts are checked every 10 seconds.